 Dungeon Crawl Stone Soup version 0.26-a0-651-gb41185065b (webtiles) character file.

Game seed: 17318633895255299298

43 sahdkjhfkaj the Conjurer (level 3, -1/21 HPs)
             Began as an Octopode Conjurer on Sept 28, 2020.
             Slain by Terence
             ... wielding a +0 falchion
              (9 damage)
             ... on level 2 of the Dungeon.
             The game lasted 00:03:08 (1839 turns).

sahdkjhfkaj the Conjurer (Octopode Conjurer)        Turns: 1839, Time: 00:03:08

Health: -1/21      AC:  1    Str:  6    XL:     3   Next: 58%
Magic:  0/7        EV: 13    Int: 21    God:
Gold:   35         SH:  0    Dex: 10    Spells: 1/7 levels left

rFire    . . .     SeeInvis .   (no weapon)
rCold    . . .     Faith    .   (no shield)
rNeg     . . .     Spirit   .   (helmet restricted)
rPois    .         Reflect  .   (no amulet)
rElec    .         Harm     .   (no ring)
rCorr    .         Rampage  .   (no ring)
MR       .....                  (no ring)
Stlth    +++.......             (no ring)
HPRegen  0.07/turn              (no ring)
MPRegen  0.10/turn              (no ring)
                                (no ring)
                                (no ring)

@: very slightly contaminated
A: almost no armour, stealthy swim, amphibious, 8 rings, constrict 8, camouflage
1, gelatinous body 1
a: no special abilities


You were on level 2 of the Dungeon.
You visited 1 branch of the dungeon, and saw 2 of its levels.

You collected 35 gold pieces.

Inventory:

Missiles
 g - 2 curare-tipped darts (quivered)
Scrolls
 c - a scroll of enchant armour {unknown}
 d - a scroll of identify {unknown}
 e - 2 scrolls of fog {unknown}
 f - a scroll of amnesia {unknown}
Potions
 a - a potion of curing {unknown}
 b - a potion of cancellation {unknown}


   Skills:
 - Level 2.0 Dodging
 - Level 2.6 Stealth
 + Level 2.7 Spellcasting
 * Level 4.6 Conjurations
 * Level 0.8 Hexes


You had one spell level left.
You knew the following spells:

 Your Spells              Type           Power        Failure   Level
a - Magic Dart            Conj           ###.         1%          1
b - Searing Ray           Conj           ###...       3%          2
c - Dazzling Flash        Conj/Hex       ##....       14%         3

Your spell library contained the following spells:

 Spells                   Type           Power        Failure   Level
 Fulminant Prism          Conj/Hex       ##........   41%         4
 Iskenderun's Mystic Bla  Conj/Tloc      ##......     47%         4


Dungeon Overview and Level Annotations

Branches:
Dungeon (2/15)

Altars:

Annotations:
D:2 Terence


Innate Abilities, Weirdness & Mutations

You cannot wear most types of armour.
You are very stealthy in the water. (Stealth+)
You are amphibious.
You can wear up to eight rings at the same time.
You can use your tentacles to constrict eight enemies at once.
Your skin changes colour to match your surroundings (Stealth+).
Your rubbery body absorbs attacks. (AC +1, EV +1)


Message History

Aim: Terence, wielding a +0 falchion and wearing a +0 scale mail (heavily wounded)
The searing ray hits Terence but does no damage.
Terence is heavily wounded. (Press . to maintain the ray.) Terence closely misses you.
Without enough magic to sustain it, your searing ray dissipates.
Terence hits you with a +0 falchion. Terence shouts, "Now you die!"
Terence shouts, "DIE!!!"
Terence says, "Don't bother to defend, it's useless."
Terence hits you with a +0 falchion.
Casting: Searing Ray (safe; 3% risk of failure)
Confirm with . or Enter, or press ? or * to list all spells.
The spell is extremely dangerous to cast (14% risk of failure)!
Continue anyway?
You miscast Dazzling Flash.
You are very lightly contaminated with residual magic.
Nothing appears to happen.
Terence asks, "Do you want it fast or slow?"
Terence hits you with a +0 falchion!
You die...

#.)....#### #....#(#
. #[#..†.# ##### ..
...##...####...###..
#...#
#(....##........
....####..##.......#
.###.......#####...##
######....####.##
###....#@@..#
##........#.##
...........<..#
##...##...#####
#........#
...####.... .##
#...#.. ...####..
.### ..


You could see Terence.

Vanquished Creatures
  4 dart slugs
  2 leopard geckos (D:1)
  A ball python (D:1)
  4 bats (D:1)
  A giant cockroach (D:2)
  5 goblins
  3 hobgoblins
  2 jackals (D:1)
  2 kobolds (D:1)
  2 frilled lizards (D:1)
  4 rats
30 creatures vanquished.

Notes
Turn   | Place    | Note
-------+----------+-------------------------------------------
     0 | D:1      | sahdkjhfkaj the Octopode Conjurer began the quest for the
                  | Orb.
     0 | D:1      | Reached XP level 1. HP: 11/11 MP: 3/3
   168 | D:1      | Reached XP level 2. HP: 10/17 MP: 1/5
   172 | D:1      | Learned a level 2 spell: Searing Ray
   865 | D:1      | Reached XP level 3. HP: 20/21 MP: 0/6
   933 | D:1      | Learned a level 3 spell: Dazzling Flash
  1706 | D:2      | Noticed Terence
  1839 | D:2      | Slain by Terence

Illustrated notes

Levels and vault maps discovered:
D:1:      tarquinn_simple_flora_water_f, layout_basic
D:2:      layout_rooms, uniq_terence, uniq_sigmund

Action                   || total
-------------------------++-------
Melee: Unarmed           ||    10
       Tentacles         ||     3
       Constrict         ||     2
 Cast: Magic Dart        ||    17
       Searing Ray       ||    19
       Dazzling Flash    ||     2
 Stab: Invisible         ||     1
Armor: Skin              ||     1
Dodge: Dodged            ||    16

Table legend: (Time is in decaauts)
 A = Elapsed time spent in this place.
 B = Non-inter-level travel time spent in this place.
 C = Inter-level travel time spent in this place.
 D = Time resting spent in this place.
 E = Time spent auto-exploring this place.
 F = Levels seen in this place.
 G = Mean time per level.
                   A        B        C        D        E       F      G
               +--------+--------+--------+--------+--------+-----+--------+
         Total |   1841 |   1792 |     49 |    294 |   1233 |   2 |  920.5 |
       Dungeon |   1841 |   1792 |     49 |    294 |   1233 |   2 |  920.5 |
               +--------+--------+--------+--------+--------+-----+--------+

Top non-repeatable levels by time:
     D:1: 1709 daAuts
     D:2: 132 daAuts
